PINL
BOZEMAN PHEASANTS @ GREAT FALLS VOYAGERS
09/04/1976
 
TOP OF THE 1ST
Bozeman Pheasants batting - Pitching for Great Falls Voyagers : RHP Edwin Bueno
Pitching: RHP Edwin Bueno
Batting: LHB Ramon Gonzalez 0-0: Foul Ball, location: 2F
0-1: Foul Ball, location: 2F
0-2: SOLO HOME RUN (Flyball, 89XD), Distance : 395 ft
Batting: LHB Luis Lamas 0-0: Ball
1-0: Ball
2-0: Called Strike
2-1: Foul Ball, location: 2F
2-2: Ball
3-2: Foul Ball, location: 2F
3-2: Base on Balls
Batting: LHB Robert Schuster 0-0: Called Strike
0-1: Called Strike
0-2: Fly out, F7 (Flyball, 7)
Batting: LHB Al Greene 0-0: Ball
1-0: Ball
2-0: Called Strike
2-1: Ball
3-1: Base on Balls
Luis Lamas to second
Batting: LHB Roy Coulter 0-0: Ball
1-0: Ball
2-0: Ball
3-0: Base on Balls
Luis Lamas to third
Al Greene to second
Batting: RHB David Marino 0-0: Called Strike
0-1: Swinging Strike
0-2: Fly out, F9 (Line Drive, 9D)
Runner from 3rd tags up, SCORES, no throw by RF
Al Greene to third
Batting: RHB Juan Garcia 0-0: SINGLE (Groundball, 6MD)
Al Greene scores
Roy Coulter to second
Batting: RHB Joseph Bennett 0-0: Swinging Strike
0-1: Ball
1-1: Ground out 1-3 (Groundball, 34S)
Top of the 1st over - 3 runs, 2 hits, 0 errors, 2 left on base; Bozeman 3 - Great Falls 0
BOTTOM OF THE 1ST
Great Falls Voyagers batting - Pitching for Bozeman Pheasants : RHP Gilberto Chavez
Pitching: RHP Gilberto Chavez
Batting: LHB Barrett Allison 0-0: Called Strike
0-1: Ball
1-1: Ball
2-1: Ball
3-1: Called Strike
3-2: Base on Balls
Batting: RHB Stephen Merkley 0-0: Ball
1-0: Grounds into double play, 6-4-3 (Groundball, 6)
Batting: RHB Jordan Hernandez 0-0: Fly out, F8 (Flyball, 78S)
Bottom of the 1st over - 0 runs, 0 hits, 0 errors, 0 left on base; Bozeman 3 - Great Falls 0
TOP OF THE 2ND
Bozeman Pheasants batting - Pitching for Great Falls Voyagers : RHP Edwin Bueno
Batting: RHB Stan Floyd 0-0: Ball
1-0: Ground out 5-3 (Groundball, 56)
Batting: LHB Ramon Gonzalez 0-0: Foul Ball, location: 2F
0-1: Fly out, F8 (Flyball, 8LD)
Batting: LHB Luis Lamas 0-0: Ball
1-0: SINGLE (Flyball, 89S)
Batting: LHB Robert Schuster 0-0: Ball
1-0: Ball
2-0: Called Strike
2-1: Ball
3-1: SINGLE (Groundball, 4D)
Luis Lamas to second
Runner from 2nd tries for 3rd, SAFE, no throw by CF
Batting: LHB Al Greene 0-0: Ball
1-0: 3-RUN HOME RUN (Flyball, 89XD), Distance : 396 ft
Batting: LHB Roy Coulter 0-0: Called Strike
0-1: Called Strike
0-2: Ball
1-2: Ball
2-2: Ball
3-2: Base on Balls
Batting: RHB David Marino 0-0: Called Strike
0-1: Fly out, F8 (Flyball, 8LM)
Top of the 2nd over - 3 runs, 3 hits, 0 errors, 1 left on base; Bozeman 6 - Great Falls 0
BOTTOM OF THE 2ND
Great Falls Voyagers batting - Pitching for Bozeman Pheasants : RHP Gilberto Chavez
Batting: RHB Mike Bacon 0-0: Swinging Strike
0-1: Swinging Strike
0-2: Ball
1-2: Foul Ball, location: 2F
1-2: SINGLE (Line Drive, 8LS)
Batting: RHB Jacky Parish 0-0: Foul Ball, location: 2F
0-1: Ball
1-1: SINGLE (Line Drive, 78M)
Mike Bacon to second
Batting: RHB John Lonchar 0-0: Ball
1-0: Foul Ball, location: 2F
1-1: Swinging Strike
1-2: Foul Ball, location: 2F
1-2: Ball
2-2: Foul Ball, location: 2F
2-2: Foul Ball, location: 2F
2-2: DOUBLE (Line Drive, 8RXD)
Mike Bacon scores
Jacky Parish to third
Batting: RHB Joseph Gonzalez 0-0: DOUBLE (Groundball, 5L)
Jacky Parish scores
John Lonchar scores
Batting: RHB Wayne Eckert 0-0: Called Strike
0-1: Ball
1-1: Ball
2-1: Ball
3-1: Base on Balls
Batting: SHB Danny Belliard 0-0: Fly out, F9 (Flyball, 89D)
Runner from 2nd tags up, SAFE at 3rd, no throw by RF
Batting: LHB Barrett Allison 0-0: Called Strike
0-1: Fielders Choice at 2nd, 3-6 (Groundball, 3S)
Joseph Gonzalez scores
Batting: RHB Stephen Merkley 0-0: Ball
1-0: Ball
Barrett Allison steals 2nd base
2-0: Called Strike
2-1: Foul Ball, location: 2F
2-2: Ball
3-2: Base on Balls
Batting: RHB Jordan Hernandez 0-0: Swinging Strike
0-1: Ball
1-1: Called Strike
1-2: Ball
2-2: Foul Ball, location: 2F
2-2: Ground out 1-3 (Groundball, 34S)
Bottom of the 2nd over - 4 runs, 4 hits, 0 errors, 2 left on base; Bozeman 6 - Great Falls 4
TOP OF THE 3RD
Bozeman Pheasants batting - Pitching for Great Falls Voyagers : RHP Edwin Bueno
Batting: RHB Juan Garcia 0-0: Foul Ball, location: 2F
0-1: Fly out, F8 (Flyball, 89D)
Batting: RHB Joseph Bennett 0-0: Foul Ball, location: 2F
0-1: Ball
1-1: Swinging Strike
1-2: Strikes out swinging
Batting: RHB Stan Floyd 0-0: Ball
1-0: Swinging Strike
1-1: Foul Ball, location: 2F
1-2: Strikes out swinging
Top of the 3rd over - 0 runs, 0 hits, 0 errors, 0 left on base; Bozeman 6 - Great Falls 4
BOTTOM OF THE 3RD
Great Falls Voyagers batting - Pitching for Bozeman Pheasants : RHP Gilberto Chavez
Batting: RHB Mike Bacon 0-0: Ground out 4-3 (Groundball, 4)
Pitching: RHP Robert Volk
Batting: RHB Jacky Parish 0-0: Swinging Strike
0-1: Reached on error, E6 (Groundball, 6)
Batting: RHB John Lonchar 0-0: Ball
1-0: Ball
2-0: Called Strike
2-1: Ball
3-1: Base on Balls
Jacky Parish to second
Batting: RHB Joseph Gonzalez 0-0: Fly out, F7 (Line Drive, 7)
Batting: RHB Wayne Eckert 0-0: Ball
1-0: Fly out, F9 (Line Drive, 9)
Bottom of the 3rd over - 0 runs, 0 hits, 1 error, 2 left on base; Bozeman 6 - Great Falls 4
TOP OF THE 4TH
Bozeman Pheasants batting - Pitching for Great Falls Voyagers : RHP Edwin Bueno
Batting: LHB Ramon Gonzalez 0-0: Ball
1-0: Fly out, F8 (Flyball, 89M)
Batting: LHB Luis Lamas 0-0: Called Strike
0-1: SINGLE (Line Drive, 89S)
Batting: LHB Robert Schuster 0-0: Ball
1-0: SINGLE (Flyball, 9LS)
Luis Lamas to second
Runner from 2nd tries for 3rd, SAFE, throw by RF made to third
Batting: LHB Al Greene 0-0: Ball
1-0: Hit by Pitch
Robert Schuster to second
Batting: LHB Roy Coulter 0-0: Ball
1-0: Grounds into double play, 4-6-3 (Groundball, 4)
Top of the 4th over - 0 runs, 2 hits, 0 errors, 2 left on base; Bozeman 6 - Great Falls 4
BOTTOM OF THE 4TH
Great Falls Voyagers batting - Pitching for Bozeman Pheasants : RHP Robert Volk
Batting: SHB Danny Belliard 0-0: Ball
1-0: Ground out U3 (Groundball, 3)
Batting: LHB Barrett Allison 0-0: Fly out, F8 (Flyball, 8LD)
Batting: RHB Stephen Merkley 0-0: Ball
1-0: Swinging Strike
1-1: Swinging Strike
1-2: Foul Ball, location: 2F
1-2: Ball
2-2: Fly out, F9 (Line Drive, 9)
Bottom of the 4th over - 0 runs, 0 hits, 0 errors, 0 left on base; Bozeman 6 - Great Falls 4
TOP OF THE 5TH
Bozeman Pheasants batting - Pitching for Great Falls Voyagers : RHP Edwin Bueno
Batting: RHB David Marino 0-0: Foul Ball, location: 2F
0-1: Ball
1-1: Ball
2-1: SINGLE (Groundball, 6D)
Batting: RHB Juan Garcia 0-0: Swinging Strike
0-1: Ball
1-1: Ball
2-1: Fly out, F9 (Flyball, 9S)
Batting: RHB Joseph Bennett 0-0: DOUBLE (Flyball, 89XD)
David Marino to third
Batting: RHB Stan Floyd 0-0: Ground out 6-3 (Groundball, 56)
David Marino scores
Batting: LHB Ramon Gonzalez 0-0: Ball
1-0: Ball
2-0: Ball
3-0: Called Strike
3-1: Base on Balls
Batting: LHB Luis Lamas 0-0: Called Strike
0-1: SINGLE (Line Drive, 89M)
Joseph Bennett to third
Ramon Gonzalez to second
Runner from 3rd tries for Home, SAFE, no throw by CF
Pitching: LHP Ricky Romans
Batting: LHB Robert Schuster 0-0: Called Strike
0-1: Foul Ball, location: 2F
0-2: Foul Ball, location: 2F
0-2: Foul Ball, location: 2F
0-2: Ball
1-2: Foul Ball, location: 2F
1-2: Fielders Choice at 2nd, 6-4 (Groundball, 6)
Top of the 5th over - 2 runs, 3 hits, 0 errors, 2 left on base; Bozeman 8 - Great Falls 4
BOTTOM OF THE 5TH
Great Falls Voyagers batting - Pitching for Bozeman Pheasants : RHP Robert Volk
Batting: RHB Jordan Hernandez 0-0: Ground out 1-3 (Groundball, P)
Batting: RHB Mike Bacon 0-0: Ball
1-0: Ground out 6-3 (Groundball, 6)
Batting: RHB Jacky Parish 0-0: Ball
1-0: Fly out, F8 (Flyball, 8LM)
Bottom of the 5th over - 0 runs, 0 hits, 0 errors, 0 left on base; Bozeman 8 - Great Falls 4
TOP OF THE 6TH
Bozeman Pheasants batting - Pitching for Great Falls Voyagers : LHP Ricky Romans
Batting: LHB Al Greene 0-0: Ball
1-0: SOLO HOME RUN (Flyball, 9D), Distance : 351 ft
Batting: LHB Roy Coulter 0-0: Ground out 1-3 (Groundball, 23)
Batting: RHB David Marino 0-0: Foul Ball, location: 2F
0-1: Ground out U3 (Groundball, 3S)
Batting: RHB Juan Garcia 0-0: Ground out 5-3 (Groundball, 56)
Top of the 6th over - 1 run, 1 hit, 0 errors, 0 left on base; Bozeman 9 - Great Falls 4
BOTTOM OF THE 6TH
Great Falls Voyagers batting - Pitching for Bozeman Pheasants : RHP Robert Volk
Batting: RHB John Lonchar 0-0: Foul Ball, location: 2F
0-1: Ball
1-1: SINGLE (Groundball, 4D)
Batting: RHB Joseph Gonzalez 0-0: Ball
1-0: Grounds into double play, 4-6-3 (Groundball, 34)
Batting: RHB Wayne Eckert 0-0: Ball
1-0: Foul Ball, location: 2F
1-1: Fly out, F9 (Flyball, 9)
Bottom of the 6th over - 0 runs, 1 hit, 0 errors, 0 left on base; Bozeman 9 - Great Falls 4
TOP OF THE 7TH
Bozeman Pheasants batting - Pitching for Great Falls Voyagers : LHP Ricky Romans
Batting: RHB Joseph Bennett 0-0: Called Strike
0-1: SINGLE (Groundball, 34) (infield hit)
Batting: RHB Stan Floyd 0-0: Ball
1-0: Fly out, F6 (Popup, 56)
Batting: LHB Ramon Gonzalez 0-0: Fielders Choice at 2nd, 4-6 (Groundball, 4M)
Batting: LHB Luis Lamas 0-0: Ball
1-0: DOUBLE (Groundball, 3L)
Ramon Gonzalez to third
Runner from 3rd tries for Home, SAFE, throw by RF to trailing runner, OUT at third! 9-4-5
Top of the 7th over - 1 run, 2 hits, 0 errors, 0 left on base; Bozeman 10 - Great Falls 4
BOTTOM OF THE 7TH
Great Falls Voyagers batting - Pitching for Bozeman Pheasants : RHP Robert Volk
Batting: SHB Danny Belliard 0-0: Foul Ball, location: 2F
0-1: Called Strike
0-2: Fly out, F5 (Line Drive, 5)
Batting: LHB Barrett Allison 0-0: Called Strike
0-1: Ball
1-1: Swinging Strike
1-2: Strikes out looking
Batting: RHB Stephen Merkley 0-0: Ball
1-0: Ground out 4-3 (Groundball, 4)
Bottom of the 7th over - 0 runs, 0 hits, 0 errors, 0 left on base; Bozeman 10 - Great Falls 4
TOP OF THE 8TH
Bozeman Pheasants batting - Pitching for Great Falls Voyagers : LHP Ricky Romans
Batting: LHB Robert Schuster 0-0: Fly out, F7 (Flyball, 7S)
Batting: LHB Al Greene 0-0: Fly out, F8 (Flyball, 8LD)
Batting: LHB Roy Coulter 0-0: Ball
1-0: Foul Ball, location: 2F
1-1: Ball
2-1: Foul Ball, location: 2F
2-2: Strikes out looking
Top of the 8th over - 0 runs, 0 hits, 0 errors, 0 left on base; Bozeman 10 - Great Falls 4
BOTTOM OF THE 8TH
Great Falls Voyagers batting - Pitching for Bozeman Pheasants : RHP Robert Volk
Batting: RHB Jordan Hernandez 0-0: Ball
1-0: Swinging Strike
1-1: Ball
2-1: Foul Ball, location: 2F
2-2: Fly out, F9 (Flyball, 9S)
Batting: RHB Mike Bacon 0-0: Ball
1-0: Ball
2-0: Called Strike
2-1: Foul Ball, location: 2F
2-2: Ground out 6-3 (Groundball, 6)
Batting: RHB Jacky Parish 0-0: Called Strike
0-1: Ball
1-1: Called Strike
1-2: Strikes out swinging
Bottom of the 8th over - 0 runs, 0 hits, 0 errors, 0 left on base; Bozeman 10 - Great Falls 4
TOP OF THE 9TH
Bozeman Pheasants batting - Pitching for Great Falls Voyagers : LHP Ricky Romans
Batting: RHB David Marino 0-0: Ball
1-0: Ball
2-0: Ball
3-0: Called Strike
3-1: Swinging Strike
3-2: Foul Ball, location: 2F
3-2: Base on Balls
Batting: RHB Juan Garcia 0-0: Grounds into double play, 5-4-3 (Groundball, 56S)
Batting: RHB Joseph Bennett 0-0: Called Strike
0-1: Swinging Strike
0-2: SINGLE (Line Drive, 9LS)
Batting: RHB Stan Floyd 0-0: Swinging Strike
0-1: Ball
1-1: Ball
2-1: Fly out, F7 (Flyball, 7D)
Top of the 9th over - 0 runs, 1 hit, 0 errors, 1 left on base; Bozeman 10 - Great Falls 4
BOTTOM OF THE 9TH
Great Falls Voyagers batting - Pitching for Bozeman Pheasants : RHP Robert Volk
Batting: RHB John Lonchar 0-0: Called Strike
0-1: Ball
1-1: Foul Ball, location: 2F
1-2: Fly out, F9 (Flyball, 9)
Batting: RHB Joseph Gonzalez 0-0: Swinging Strike
0-1: Reached on error, E6 (Groundball, 6M)
Batting: RHB Wayne Eckert 0-0: Grounds into double play, 3-6-3 (Groundball, 3)
Bottom of the 9th over - 0 runs, 0 hits, 1 error, 0 left on base; Bozeman 10 - Great Falls 4
Thursday, January 24th, 2019 - OOTP Baseball 19.13 Build 132